 Dungeon Crawl Stone Soup version 0.16-a0-2898-gc475c69 (webtiles) character file.

88993 Johnny the Arsonist (level 15, -5/126 HPs)
             Began as a Demigod Fire Elementalist on Dec 1, 2014.
             Slain by an alligator (22 damage)
             ... on level 2 of the Swamp.
             The game lasted 01:44:57 (37932 turns).

Johnny the Arsonist (Demigod Fire Elementalist)    Turns: 37932, Time: 01:44:58

Health: -5/126     AC: 13    Str: 11    XL:     15   Next: 7%
Magic:  26/34      EV: 21    Int: 23    God:
Gold:   510        SH:  0    Dex: 22    Spells: 9 memorised, 3 levels left

rFire  + . .     SeeInvis .     U - +5 halberd of Iripuna {distort, +Blink rElec}
rCold  . . .     Clarity  +     D - +3 leather armour "Jaoppeos" {rF+}
rNeg   . . .     SustAb   +     (no shield)
rPois  +         Gourm    .     e - +2 hat
rElec  +         Spirit   .     x - +2 cloak
rCorr  .         Warding  .     t - +0 pair of gloves
rMut   .         Stasis   .     A - +0 pair of boots
MR     +....                    F - amulet of clarity
Stlth  ++........               p - ring of wizardry
                                E - ring "Psoxtus" {SustAb rPois}

@: about to teleport, studying Dodging, somewhat resistant to hostile
enchantments, unstealthy
A: talons 1, sustain abilities
a: Evoke Blink


You were on level 2 of the Swamp.
You were near starving.

You visited 4 branches of the dungeon, and saw 26 of its levels.
You also visited: Labyrinth and Ice Cave.

You collected 3401 gold pieces.
You spent 2891 gold pieces at shops.

Inventory:

Hand weapons
 U - the +5 halberd of Iripuna (weapon) {distort, +Blink rElec}
   (You found it on level 5 of the Lair of Beasts)

   It warps and distorts space around it.
   Unwielding it can cause banishment or high damage.
   It insulates you from electricity.
   It lets you blink.
Armour
 e - a +2 hat (worn)
 t - a +0 pair of gloves (worn)
 x - a +2 cloak (worn)
 A - a +0 pair of boots (worn)
 D - the +3 leather armour "Jaoppeos" (worn) {rF+}
   (You took it off a minotaur in a labyrinth)

   It protects you from fire.
Jewellery
 i - an uncursed ring of positive energy
 p - a ring of wizardry (right hand)
 r - the ring "Imogim" {+/*Tele Slay+5}
   (You took it off a minotaur in a labyrinth)

   [ring of teleportation]

   It causes random teleportation, and can be evoked to teleport at will.
   It affects your accuracy and damage with ranged weapons and melee attacks
   (+5).
 v - an uncursed ring of flight
 z - an uncursed ring of protection from cold
 E - the ring "Psoxtus" (left hand) {SustAb rPois}
   (You found it in an ice cave)

   [ring of sustain abilities]

   It sustains your strength, intelligence and dexterity.
   It protects you from poison.
 F - an amulet of clarity (around neck)
Magical devices
 u - a wand of random effects (33)
 B - a wand of digging (7)
 H - a wand of disintegration (2)
 T - a wand of slowing (19)
Scrolls
 a - a scroll of amnesia
 c - 3 scrolls of magic mapping
 h - 2 scrolls of summoning
 j - 5 scrolls of remove curse
 l - 2 scrolls of vulnerability
 m - 6 scrolls of teleportation
 n - 3 scrolls of identify
 o - 2 scrolls of fog
 q - a scroll of immolation
 W - 2 scrolls of recharging
Potions
 g - a potion of curing
 s - a potion of berserk rage
 C - 4 potions of restore abilities
 I - a potion of resistance
 L - 2 potions of might
 O - 4 potions of lignification
 V - a potion of brilliance
 X - a potion of agility
Books
 f - a manual of Dodging
Miscellaneous
 S - a phial of floods (inert, charging)
 Z - a phial of floods (inert)
Comestibles
 b - 2 beef jerkies
 d - 4 fruits
 K - 3 royal jellies
 M - a bread ration


   Skills:
 * Level 9.9 Fighting
 * Level 6.7 Polearms
 * Level 10.1 Dodging
 - Level 1.7 Stealth
 * Level 9.8 Spellcasting
 * Level 10.1 Conjurations
 * Level 2.8 Charms
 + Level 4.2 Necromancy
 * Level 10.1 Fire Magic
 + Level 5.1 Earth Magic
 * Level 9.2 Evocations


You had 3 spell levels left.
You knew the following spells:

 Your Spells              Type           Power        Failure   Level  Hunger
a - Flame Tongue          Conj/Fire      #####        1%          1    None
b - Sticky Flame          Conj/Fire      ######..     1%          4    ##.....
c - Fireball              Conj/Fire      ######....   1%          5    ####...
d - Control Undead        Necr           ####......   4%          4    ##.....
e - Dazzling Spray        Conj/Hex       ####....     1%          3    None
f - Stone Arrow           Conj/Erth      #####.       1%          3    None
g - Animate Dead          Necr           N/A          4%          4    ##.....
h - Regeneration          Chrm/Necr      ####......   1%          3    None
i - Vampiric Draining     Necr           ####......   1%          3    None


Dungeon Overview and Level Annotations

Branches:
Dungeon (12/15)            Temple (0/1) D:6            Lair (8/8) D:11
  Swamp (2/5) Lair:3        Snake (0/5) Lair:4        Slime (0/6) Lair:7
    Orc (4/4) D:12            Elf (0/3) Orc:4

Shops:
D:4 (}%((   D:12 ?   Orc:3 }   Orc:4 ([?*

Portals:
Hell: Lair:8

Annotations:
Swamp:2 Agnes


Innate Abilities, Weirdness & Mutations

Your attributes are resistant to harm.
You have sharp toenails.


Message History

* * * LOW HITPOINT WARNING * * *
Reactivating autopickup.
The alligator closely misses you. The alligator tail-slaps you.
* * * LOW HITPOINT WARNING * * *
A bog body comes into view.
Unknown command.
The spiny frog stings you!!
* * * LOW HITPOINT WARNING * * *
You are poisoned.
The spiny frog poisons you!
Found 4 fruits.
Unknown command.
Drink which item? (? for menu, Esc to quit)
You feel better.
Agnes shouts!
The alligator bites you.
* * * LOW HITPOINT WARNING * * *
The alligator closely misses you. The shadow barely misses you.
The spiny frog closely misses you. The alligator bites you!!
You die...

.≈≈♣≈.♣≈≈♣ ♣.♣
≈≈♣n≈§≈≈.♣ ♣.♣
.≈.≈≈...≈.♣ ♣≈♣
≈≈..≈≈....♣ ♣.♣
...≈≈≈≈§..♣♣ ♣.♣
..≈≈≈≈≈<..≈≈♣ ♣♣.♣
≈.≈≈i.≈...≈.♣♣♣♣♣♣..♣
..≈♣≈≈≈FtW≈.........♣♣♣
.)≈≈.≈.≈@≈≈..≈≈...<...♣
%.≈≈...≈.≈≈..♣≈.♣.♣♣..♣♣
≈≈.≈≈.w.≈≈.≈≈...♣♣♣.♣.♣
≈≈.≈≈§≈.....♣♣♣♣♣ ♣♣.♣♣
≈≈.≈≈≈≈.♣♣♣♣♣ ♣♣♣
≈.≈≈≈≈.♣ ≈≈§≈≈.♣ .≈♣≈.♣
≈≈♣


You could see Agnes, an alligator, a bog body, a spiny frog, a swamp worm and a
shadow.

Vanquished Creatures
  Maud (Lair:3)
  A frost giant (IceCv)
  A dire elephant (Lair:8)
  A minotaur (Lab)
  A centaur warrior (D:10)
  5 hydras
  4 death yaks
  2 alligators (Swamp:1)
  3 orc high priests (Orc:4)
  A hell beast (Lair:8)
  Nergalle (Lair:6)
  A swamp dragon (Swamp:1)
  A wizard (Lair:8)
  Erolcha (D:12)
  A lindwurm (Lair:5)
  A hill giant (D:10)
  An ice statue (IceCv)
  An unseen horror (D:10)
  Pikel (D:3)
  2 ugly things
  3 griffons
  3 orc knights (Orc:4)
  3 orc sorcerers (Orc:4)
  A manticore (D:12)
  6 elephants
  13 black mambas
  3 orange demons (Lair:8)
  9 spiny frogs
  2 centaur skeletons
  6 komodo dragons
  4 fire drakes
  4 blue devils (Lair:8)
  A hellwing (Lair:8)
  A spriggan druid (Lair:5)
  17 polar bears
  A red devil (Lair:8)
  3 two-headed ogres
  A troll (D:9)
  The ghost of Ololoev the Chopper, an experienced VSBe of Trog (D:7)
  2 baby alligators (Swamp:1)
  Grinder (D:3)
  3 slime creatures (Swamp:1)
  A bog body (Swamp:1)
  A shadow (D:12)
  3 ravens (Swamp:1)
  A boulder beetle (Lair:5)
  14 blink frogs
  A trapdoor spider zombie (D:12)
  A basilisk (Lair:6)
  A wyvern (Lair:8)
  3 deep elf magi
  8 hippogriffs
  A wraith (D:11)
  36 yaks
  11 vampire mosquitoes
  Edmund (D:5)
  Menkaure (D:7)
  2 wargs
  12 wolves
  15 water moccasins
  3 ice beasts
  A hell hound (Lair:8)
  A slave (D:3)
  An eye of draining (D:12)
  12 orc warriors
  3 swamp drakes (Swamp:1)
  13 ogres
  A sky beast (D:11)
  15 porcupines
  3 phantoms
  7 centaurs
  14 crocodiles
  5 big kobolds
  21 giant frogs
  A jelly (D:10)
  A scorpion (Lair:4)
  8 killer bees
  2 electric eels (Lair:5)
  2 giant frog zombies
  5 crimson imps
  2 gnoll shamans
  17 orc priests
  6 worker ants
  11 hounds
  A giant frog skeleton (D:11)
  28 orc wizards
  5 iguanas
  14 sheep
  A hound zombie (D:6)
  A hound skeleton (D:9)
  A mummy (D:7)
  2 worker ant zombies (D:9)
  25 adders
  14 gnolls
  53 river rats
  A shadow imp (D:12)
  3 giant mites
  12 white imps (Lair:5)
  6 worms
  2 adder skeletons
  6 giant geckos
  2 oozes
  114 orcs
  18 bats
  A bat skeleton (D:5)
  A bat zombie (D:6)
  3 giant cockroaches
  18 goblins
  24 hobgoblins
  16 jackals
  39 kobolds
  17 quokkas
  4 ball pythons (Lair:4)
  10 giant newts
  A jackal zombie (D:8)
  A quokka skeleton (D:6)
  2 quokka zombies (D:5)
  11 rats
  3 spectral orcs (Lair:6)
  A bush (Lair:3)
  6 fungi (Lair:6)
  2 plants
856 creatures vanquished.

Vanquished Creatures (collateral kills)
  Rupert (Lair:6)
  A dire elephant (Lair:8)
  A hydra (Lair:5)
  A death yak (IceCv)
  A swamp dragon (Swamp:1)
  A fire drake (Lair:8)
  A boulder beetle (Lair:6)
  2 basilisks
  2 yaks (IceCv)
  2 wolves (IceCv)
  A spider (Lair:5)
  2 river rats (Lair:6)
16 creatures vanquished.

Vanquished Creatures (others)
  A death yak (IceCv)
  An alligator (Swamp:1)
  An elephant (Lair:6)
  A centaur zombie (D:12)
  A fire drake (Lair:6)
  A red devil (Lair:8)
  3 polar bears (IceCv)
  A two-headed ogre (D:11)
  A water elemental (Swamp:1)
  A baby alligator (Swamp:1)
  A boulder beetle (Lair:5)
  A raven (Swamp:1)
  7 trapdoor spiders
  9 yaks
  4 hippogriffs
  3 wolves
  A water moccasin (Lair:5)
  A swamp worm (Swamp:1)
  9 spiders
  2 orc warriors
  2 crocodiles (Lair:8)
  A hound (Lair:6)
  An orc priest (Orc:4)
  An orc wizard (D:4)
  A worker ant (D:4)
  2 sheep (Lair:8)
  A river rat (Lair:6)
  2 giant mites
  2 adders
  A giant gecko (D:4)
  4 orcs
  6 fungi
  3 plants
77 creatures vanquished.

Grand Total: 949 creatures vanquished

Notes
Turn   | Place    | Note
--------------------------------------------------------------
     0 | D:1      | Johnny, the Demigod Fire Elementalist, began the quest for the Orb.
     0 | D:1      | Reached XP level 1. HP: 14/14 MP: 3/3
    45 | D:1      | Reached skill level 1 in Conjurations
   313 | D:1      | Reached XP level 2. HP: 22/22 MP: 4/4
   783 | D:2      | Reached skill level 1 in Fighting
   856 | D:2      | Reached skill level 3 in Fire Magic
  1026 | D:2      | Reached XP level 3. HP: 20/28 MP: 1/8
  1795 | D:2      | Reached XP level 4. HP: 34/36 MP: 7/10
  1807 | D:2      | Learned a level 4 spell: Sticky Flame
  2117 | D:2      | Found a glowing silver altar of Zin.
  2117 | D:2      | Found a glowing golden altar of the Shining One.
  3068 | D:3      | Noticed Grinder
  3073 | D:3      | Paralysed by Grinder for 4 turns
  3332 | D:4      | Reached XP level 5. HP: 41/41 MP: 10/12
  3446 | D:4      | Noticed a slave
  3447 | D:4      | Noticed Pikel
  3447 | D:4      | Noticed a slave
  3447 | D:4      | Noticed a slave
  3447 | D:4      | Noticed a slave
  3463 | D:3      | Killed a slave
  3534 | D:3      | Killed Pikel
  3534 | D:3      | Reached skill level 4 in Fire Magic
  3534 | D:3      | Reached XP level 6. HP: 29/51 MP: 9/17
  3534 | D:3      | Reached XP level 7. HP: 32/57 MP: 9/18
  3872 | D:4      | Found Guisog's Antique Weapon Boutique.
  4006 | D:4      | Found Tweusch's Food Boutique.
  4074 | D:4      | Found Pearun's Antique Weapon Shoppe.
  4335 | D:3      | Killed Grinder
  4826 | D:4      | Found Friataug's Gadget Shoppe.
  5016 | D:4      | Found Brasa's Antique Weapon Boutique.
  5188 | D:4      | Reached XP level 8. HP: 3/66 MP: 12/21
  5488 | D:5      | Entered Level 5 of the Dungeon
  5489 | D:5      | Noticed Edmund
  5506 | D:5      | Killed Edmund
  5639 | D:5      | Found a shimmering altar of Xom.
  5726 | D:5      | Found a white marble altar of Elyvilon.
  5870 | D:5      | Reached skill level 5 in Fire Magic
  5897 | D:5      | Got a pair of fine gloves
  5908 | D:5      | Identified the cursed -3 pair of gloves of Charity {Stlth+} (You found it on level 5 of the Dungeon)
  6292 | D:6      | Learned a level 5 spell: Fireball
  6327 | D:6      | Reached skill level 1 in Evocations
  6552 | D:6      | Found a staircase to the Ecumenical Temple.
  6785 | D:6      | Found a deep blue altar of Sif Muna.
  7018 | D:6      | Reached skill level 5 in Dodging
  7644 | D:7      | Noticed Menkaure
  7649 | D:7      | Killed Menkaure
  7649 | D:7      | Reached XP level 9. HP: 73/73 MP: 19/23
  7697 | D:7      | Noticed Ololoev's ghost (experienced VSBe)
  7709 | D:7      | Killed Ololoev's ghost
  7709 | D:7      | Reached skill level 5 in Spellcasting
  7709 | D:7      | Reached skill level 5 in Conjurations
  7844 | D:7      | Reached skill level 5 in Fighting
  8354 | D:8      | Reached skill level 6 in Fire Magic
  9726 | D:10     | Entered Level 10 of the Dungeon
  9995 | D:10     | Noticed a hill giant
  9995 | D:10     | Noticed a centaur warrior
 10011 | D:10     | Killed a centaur warrior
 10011 | D:10     | Reached XP level 10. HP: 47/83 MP: 0/26
 10030 | D:10     | Killed a hill giant
 11647 | D:10     | Noticed an unseen horror
 11650 | D:10     | Killed an unseen horror
 11650 | D:10     | Reached skill level 7 in Fire Magic
 12192 | D:11     | Found a staircase to the Lair.
 12200 | D:11     | Noticed a green ugly thing
 12226 | Lair:1   | Entered Level 1 of the Lair of Beasts
 12637 | D:4      | Bought a sack of spiders for 280 gold pieces
 12653 | D:4      | Bought a crude trident for 238 gold pieces
 12654 | D:4      | Identified the +10 trident "Pan Ucw" {flame, MR++} (You bought it in a shop on level 4 of the Dungeon)
 13010 | Lair:1   | Reached skill level 5 in Evocations
 13182 | Lair:1   | Reached skill level 1 in Polearms
 13313 | Lair:1   | Reached XP level 11. HP: 55/91 MP: 16/28
 14088 | Lair:1   | You fall through a shaft!
 14142 | Lair:1   | Got a translucent trident
 14144 | Lair:1   | Identified the cursed +1 trident "Banisher" {pain, rElec Dex+3} (You found it on level 1 of the Lair of Beasts)
 14184 | Lair:1   | Learned a level 3 spell: Conjure Flame
 14188 | Lair:1   | Learned a level 3 spell: Dazzling Spray
 14275 | Lair:2   | Learned a level 3 spell: Stone Arrow
 15737 | Lair:3   | Noticed Maud
 15771 | Lair:3   | Killed Maud
 15771 | Lair:3   | Reached skill level 1 in Earth Magic
 15807 | Lair:3   | Reached skill level 8 in Dodging
 15807 | Lair:3   | Reached XP level 12. HP: 100/100 MP: 14/30
 15928 | Lair:3   | Found a staircase to the Swamp.
 16993 | Lair:4   | Found a staircase to the Snake Pit.
 17974 | Lair:5   | Noticed a five-headed hydra
 17981 | Lair:5   | Killed a five-headed hydra
 17998 | Lair:5   | Got an iridescent halberd
 18017 | Lair:5   | Found a frozen archway.
 18018 | Lair:5   | Noticed a four-headed hydra
 18055 | Lair:5   | Killed a four-headed hydra
 18079 | IceCv    | Entered an ice cave
 18083 | IceCv    | Reached XP level 13. HP: 42/107 MP: 21/31
 18718 | IceCv    | Identified the +5 halberd of Iripuna {distort, +Blink rElec} (You found it on level 5 of the Lair of Beasts)
 18802 | IceCv    | Learned a level 4 spell: Animate Dead
 19666 | IceCv    | Noticed a frost giant
 19697 | IceCv    | Killed a frost giant
 19697 | IceCv    | Reached skill level 1 in Necromancy
 20424 | IceCv    | Got a brightly glowing gossamer ring
 20426 | IceCv    | Identified the ring "Psoxtus" {SustAb rPois} (You found it in an ice cave)
 20586 | IceCv    | Reached skill level 9 in Fire Magic
 22124 | Lair:5   | Got a slimy leather armour
 22135 | Lair:5   | Identified the +1 leather armour "Foyniy" {Slay+4} (You found it on level 5 of the Lair of Beasts)
 22786 | Lair:5   | Reached skill level 5 in Polearms
 23166 | Lair:6   | Noticed Rupert
 23175 | Lair:6   | Paralysed by Rupert for 5 turns
 23176 | Lair:6   | Killed Rupert
 23339 | Lair:6   | Noticed Nergalle
 23928 | Lair:6   | Killed Nergalle
 25751 | Lair:7   | Reached XP level 14. HP: 118/118 MP: 24/33
 25832 | Lair:7   | Found a viscous altar of Jiyva.
 25832 | Lair:7   | Found a staircase to the Slime Pits.
 26316 | Lair:8   | Entered Level 8 of the Lair of Beasts
 27259 | Lair:8   | HP: 1/118 [dire elephant (11)]
 27707 | Lair:8   | Found a burning altar of Makhleb.
 29277 | Lair:8   | Found a gateway to Hell.
 29649 | Lair:1   | Learned a level 3 spell: Regeneration
 29663 | D:11     | Killed a green ugly thing
 30926 | D:12     | Found a staircase to the Orcish Mines.
 30944 | D:12     | Found a roughly hewn altar of Beogh.
 31189 | D:12     | Found Wacax's Magic Scroll Shoppe.
 31197 | D:12     | Bought a scroll of fog for 30 gold pieces
 31197 | D:12     | Bought a scroll of identify for 30 gold pieces
 31197 | D:12     | Bought a scroll of identify for 30 gold pieces
 31197 | D:12     | Bought a scroll of identify for 30 gold pieces
 31197 | D:12     | Bought a scroll of fog for 30 gold pieces
 31197 | D:12     | Bought a scroll of magic mapping for 52 gold pieces
 31197 | D:12     | Bought a scroll of fear for 52 gold pieces
 31197 | D:12     | Bought a scroll of fear for 52 gold pieces
 31197 | D:12     | Bought a scroll of recharging for 142 gold pieces
 31197 | D:12     | Bought a scroll of identify for 30 gold pieces
 31197 | D:12     | Bought a scroll of teleportation for 45 gold pieces
 31208 | D:12     | Noticed Erolcha
 31213 | D:12     | Killed Erolcha
 31218 | D:12     | Reached skill level 1 in Charms
 31986 | Lair:1   | Learned a level 3 spell: Vampiric Draining
 31993 | Lair:1   | Gained mutation: You have sharp toenails. [potion of mutation]
 31993 | Lair:1   | Gained mutation: Your mind is acute. (Int +2) [potion of mutation]
 31993 | Lair:1   | Lost mutation: Your mind is acute. (Int +2) [potion of mutation]
 32007 | Lair:1   | Learned a level 4 spell: Control Undead
 32074 | Orc:1    | Entered Level 1 of the Orcish Mines
 32366 | Orc:1    | Found a bloodstained altar of Trog.
 32714 | Orc:2    | Found a roughly hewn altar of Beogh.
 32888 | Orc:3    | Found Plakh's Gadget Emporium.
 33319 | Orc:3    | Reached skill level 10 in Fire Magic
 33401 | Orc:4    | Entered Level 4 of the Orcish Mines
 33403 | Orc:4    | Found a staircase to the Elven Halls.
 33435 | Orc:4    | Found a labyrinth entrance.
 33449 | Lab      | Entered a labyrinth
 34137 | Lab      | Got a wavering platinum ring
 34138 | Lab      | Got a bloodstained leather armour
 34204 | Lab      | Identified the +3 leather armour "Jaoppeos" {rF+} (You took it off a minotaur in a labyrinth)
 34537 | Orc:4    | Found a roughly hewn altar of Beogh.
 34723 | Orc:4    | Found an ancient bone altar of Kikubaaqudgha.
 35356 | Orc:4    | Reached skill level 10 in Conjurations
 35665 | Orc:4    | Found Qytemm's Magic Scroll Emporium.
 35665 | Orc:4    | Found Yjegae's Armour Emporium.
 35666 | Orc:4    | Found Aruczih's Assorted Antiques.
 35666 | Orc:4    | Found Yniakihi's Weapon Shop.
 35766 | Orc:4    | Bought a scroll of teleportation for 33 gold pieces
 35766 | Orc:4    | Bought a scroll of teleportation for 33 gold pieces
 35766 | Orc:4    | Bought a scroll of summoning for 104 gold pieces
 35905 | Orc:3    | Bought a phial of floods for 560 gold pieces
 35905 | Orc:3    | Bought a phial of floods for 560 gold pieces
 35905 | Orc:3    | Bought a stone of tremors for 560 gold pieces
 36065 | Lair:1   | Identified the ring "Imogim" {+/*Tele Slay+5} (You took it off a minotaur in a labyrinth)
 36183 | Swamp:1  | Entered Level 1 of the Swamp
 36694 | Swamp:1  | Reached skill level 5 in Earth Magic
 36704 | Swamp:1  | Reached skill level 10 in Dodging
 36724 | Swamp:1  | Reached XP level 15. HP: 50/126 MP: 5/34
 37929 | Swamp:2  | Noticed Agnes
 37932 | Swamp:2  | Slain by an alligator

Action                   |  1- 3 |  4- 6 |  7- 9 | 10-12 | 13-15 || total
-------------------------+-------+-------+-------+-------+-------++-------
Melee: Short sword       |    25 |       |       |       |       ||    25
       Dagger            |    44 |   100 |   410 |   120 |       ||   674
       Rapier            |    18 |       |       |       |       ||    18
       Flail             |       |       |    17 |     4 |       ||    21
       Trident           |       |       |       |   289 |    23 ||   312
       Halberd           |       |       |       |       |  1059 ||  1059
 Cast: Flame Tongue      |    34 |    18 |   159 |    64 |    16 ||   291
       Sticky Flame      |       |     7 |    49 |    59 |    98 ||   213
       Fireball          |       |       |     2 |    47 |   176 ||   225
 Abil: Evoke Blink       |       |       |       |       |     1 ||     1
       Evoke Flight      |       |       |       |       |     1 ||     1
Evoke: Wand              |       |       |     3 |     9 |    48 ||    60
       Sack of spiders   |       |       |       |     4 |     8 ||    12
       Phial of floods   |       |       |       |       |     2 ||     2
  Use: Potion            |     2 |       |     1 |     4 |    16 ||    23
       Scroll            |       |     9 |     6 |    12 |    29 ||    56
 Stab: Sleeping          |     1 |     2 |    11 |    12 |    12 ||    38
       Paralysed         |       |       |       |     9 |     1 ||    10
       Distracted        |       |       |       |     1 |     7 ||     8
       Invisible         |       |       |       |       |     2 ||     2
       Fleeing           |       |       |       |       |     1 ||     1
  Eat: Chunk             |     2 |     8 |    25 |    32 |    68 ||   135
       Beef jerky        |       |       |     2 |       |     1 ||     3
       Fruit             |       |       |     2 |    14 |    18 ||    34
       Meat ration       |       |       |       |     1 |     1 ||     2
       Royal jelly       |       |       |       |       |     5 ||     5
       Bread ration      |       |       |       |       |     1 ||     1
